[ AOE2 MATCH · #507316692 ]
UnrankedBengalis vs Jurchens
Player's team · WIN
[ REPLAY ANALYSIS · EXTRACTED FROM THE RECORDED GAME ]
Feudal
11:21
Castle
18:00
Imperial
45:38
| APM avg | 41.4 |
| APM peak | 79 |
| eAPM avg | 20.8 |
| Villagers / military | 111 / 122 |
Focus
⚔️ 34.3% · 🌾 65.7%
Ratha (Ranged) ×115 · Monk ×5 · Armored Elephant ×2
Feudal
8:52
Castle
21:15
Imperial
—
| APM avg | 48.2 |
| APM peak | 82 |
| eAPM avg | 22.4 |
| Villagers / military | 110 / 88 |
Focus
⚔️ 45.7% · 🌾 54.3%
Skirmisher ×47 · Steppe Lancer ×37 · Unknown (1911) ×9 · Scout Cavalry ×4 · Unknown (1908) ×2
Match map
Initial resources + every placement click. Lines = walls · curves = elevation contours. ◆ gold · ⬟ stone · ● berries · ✦ relic · ◌ wall gap
Your base· ✓ Closed at 18:00 · 39t walls · 1 gate(s)
AxD | Keiokenkun-Uno-Puro's base· ✓ Closed at 21:15 · 35t walls · no gate
Smoothed initial terrain · ◌ = detected wall gap · hover for details
Inputs per minute
— PhishStickPhilanthropist - - AxD | Keiokenkun-Uno-Puro
Build order — PhishStickPhilanthropist
First 150 of 356 actions detected
| 0:01 | Queue | Villager (Male) |
| 0:01 | Queue | Villager (Male) |
| 0:02 | Build | House |
| 0:04 | Build | House |
| 0:14 | Queue | Villager (Male) |
| 0:35 | Queue | Villager (Male) |
| 0:35 | Queue | Villager (Male) |
| 1:32 | Queue | Villager (Male) |
| 1:32 | Queue | Villager (Male) |
| 2:00 | Queue | Villager (Male) |
| 2:00 | Queue | Villager (Male) |
| 2:19 | Queue | Villager (Male) |
| 2:19 | Queue | Villager (Male) |
| 2:26 | Build | Mill |
| 2:43 | Queue | Villager (Male) |
| 3:13 | Queue | Villager (Male) |
| 3:31 | Queue | Villager (Male) |
| 3:36 | Build | House |
| 3:41 | Build | House |
| 3:59 | Queue | Villager (Male) |
| 4:23 | Queue | Villager (Male) |
| 4:50 | Queue | Villager (Male) |
| 4:58 | Queue | Villager (Male) |
| 5:29 | Queue | Villager (Male) |
| 5:42 | Queue | Villager (Male) |
| 5:59 | Queue | Villager (Male) |
| 6:11 | Queue | Villager (Male) |
| 6:15 | Build | Lumber Camp |
| 6:32 | Queue | Villager (Male) |
| 7:20 | Build | Palisade Wall |
| 7:22 | Build | Palisade Wall |
| 7:27 | Queue | Villager (Male) |
| 7:52 | Queue | Villager (Male) |
| 8:25 | Build | Mill |
| 8:27 | Queue | Villager (Male) |
| 8:34 | Research | Loom |
| 8:34 | Research | Feudal Age |
| 8:57 | Build | House |
| 8:58 | Build | House |
| 9:00 | Queue | Villager (Male) |
| 9:07 | Build | Palisade Wall |
| 9:35 | Build | House |
| 9:54 | Build | Mining Camp |
| 10:08 | Build | Palisade Wall |
| 10:31 | Build | Palisade Wall |
| 10:32 | Build | Palisade Wall |
| 10:33 | Build | Palisade Wall |
| 10:36 | Build | Palisade Wall |
| 10:36 | Build | Palisade Wall |
| 10:37 | Build | Palisade Wall |
| 10:43 | Queue | Villager (Male) |
| 11:21 | Age | Feudal Age |
| 11:27 | Build | Blacksmith |
| 11:32 | Queue | Villager (Male) |
| 11:39 | Build | Palisade Gate |
| 11:53 | Queue | Villager (Male) |
| 11:58 | Queue | Villager (Male) |
| 12:07 | Queue | Villager (Male) |
| 12:25 | Build | Farm |
| 12:33 | Queue | Villager (Male) |
| 12:37 | Build | Lumber Camp |
| 12:48 | Build | Palisade Wall |
| 13:29 | Build | Farm |
| 13:50 | Queue | Villager (Male) |
| 13:54 | Build | Market |
| 14:04 | Build | Palisade Wall |
| 14:05 | Queue | Villager (Male) |
| 14:12 | Build | House |
| 14:15 | Build | House |
| 14:35 | Queue | Villager (Male) |
| 14:54 | Build | House |
| 15:11 | Build | House |
| 15:20 | Research | Castle Age |
| 15:42 | Build | Palisade Wall |
| 15:46 | Build | House |
| 16:22 | Build | House |
| 16:35 | Build | Palisade Wall |
| 16:39 | Research | Double-Bit Axe |
| 18:00 | Age | Castle Age |
| 18:05 | Build | Castle |
| 18:07 | Build | Mining Camp |
| 18:08 | Queue | Villager (Male) |
| 19:02 | Build | Lumber Camp |
| 19:33 | Queue | Ratha (Ranged) |
| 19:33 | Queue | Ratha (Ranged) |
| 19:45 | Research | Fletching |
| 19:56 | Build | Farm |
| 19:58 | Build | Farm |
| 19:59 | Queue | Ratha (Ranged) |
| 19:59 | Queue | Ratha (Ranged) |
| 20:07 | Build | Farm |
| 20:09 | Queue | Ratha (Ranged) |
| 20:09 | Queue | Ratha (Ranged) |
| 20:32 | Build | Farm |
| 20:39 | Build | Farm |
| 20:56 | Queue | Ratha (Ranged) |
| 20:56 | Queue | Ratha (Ranged) |
| 20:56 | Queue | Ratha (Ranged) |
| 20:56 | Queue | Ratha (Ranged) |
| 21:06 | Queue | Ratha (Ranged) |
| 21:06 | Queue | Ratha (Ranged) |
| 21:07 | Queue | Villager (Male) |
| 21:22 | Build | Farm |
| 21:25 | Build | Farm |
| 21:27 | Queue | Villager (Male) |
| 21:37 | Queue | Ratha (Ranged) |
| 21:37 | Queue | Ratha (Ranged) |
| 21:49 | Queue | Villager (Male) |
| 21:54 | Queue | Ratha (Ranged) |
| 21:54 | Queue | Ratha (Ranged) |
| 22:15 | Queue | Ratha (Ranged) |
| 22:17 | Queue | Villager (Male) |
| 22:28 | Build | Farm |
| 22:33 | Build | Farm |
| 22:47 | Queue | Ratha (Ranged) |
| 22:48 | Queue | Villager (Male) |
| 22:49 | Build | Farm |
| 22:51 | Queue | Villager (Male) |
| 23:24 | Build | Siege Workshop |
| 23:46 | Queue | Ratha (Ranged) |
| 23:46 | Queue | Ratha (Ranged) |
| 23:46 | Queue | Ratha (Ranged) |
| 24:06 | Queue | Ratha (Ranged) |
| 24:06 | Queue | Ratha (Ranged) |
| 24:06 | Queue | Ratha (Ranged) |
| 24:08 | Queue | Villager (Male) |
| 24:29 | Queue | Ratha (Ranged) |
| 24:29 | Queue | Ratha (Ranged) |
| 24:30 | Queue | Villager (Male) |
| 24:34 | Research | Padded Archer Armor |
| 24:45 | Queue | Ratha (Ranged) |
| 24:45 | Queue | Ratha (Ranged) |
| 24:45 | Queue | Ratha (Ranged) |
| 24:53 | Build | Monastery |
| 25:02 | Queue | Ratha (Ranged) |
| 25:02 | Queue | Ratha (Ranged) |
| 25:03 | Queue | Villager (Male) |
| 25:12 | Queue | Villager (Male) |
| 25:13 | Queue | Ratha (Ranged) |
| 25:13 | Queue | Ratha (Ranged) |
| 25:37 | Research | Bodkin Arrow |
| 25:45 | Queue | Monk |
| 25:46 | Build | House |
| 25:54 | Queue | Ratha (Ranged) |
| 25:54 | Queue | Ratha (Ranged) |
| 26:09 | Queue | Villager (Male) |
| 26:13 | Build | University |
| 26:15 | Build | House |
| 26:20 | Queue | Ratha (Ranged) |
| 26:20 | Queue | Ratha (Ranged) |
Build order — AxD | Keiokenkun-Uno-Puro
First 150 of 333 actions detected
| 0:00 | Queue | Villager (Male) |
| 0:01 | Queue | Villager (Male) |
| 0:01 | Queue | Villager (Male) |
| 0:02 | Build | House |
| 0:04 | Build | House |
| 0:07 | Queue | Villager (Male) |
| 1:39 | Queue | Villager (Male) |
| 1:39 | Queue | Villager (Male) |
| 1:40 | Queue | Villager (Male) |
| 1:44 | Build | Lumber Camp |
| 2:17 | Queue | Villager (Male) |
| 2:30 | Queue | Villager (Male) |
| 3:10 | Queue | Villager (Male) |
| 3:10 | Queue | Villager (Male) |
| 3:42 | Queue | Villager (Male) |
| 3:56 | Build | House |
| 3:59 | Queue | Villager (Male) |
| 4:00 | Queue | Villager (Male) |
| 4:18 | Queue | Villager (Male) |
| 4:18 | Queue | Villager (Male) |
| 4:26 | Build | House |
| 4:36 | Queue | Villager (Male) |
| 4:37 | Queue | Villager (Male) |
| 4:49 | Queue | Villager (Male) |
| 4:49 | Queue | Villager (Male) |
| 5:12 | Build | Mill |
| 5:28 | Queue | Villager (Male) |
| 5:36 | Queue | Villager (Male) |
| 5:36 | Queue | Villager (Male) |
| 5:37 | Queue | Villager (Male) |
| 6:00 | Research | Loom |
| 6:42 | Research | Feudal Age |
| 6:42 | Research | Feudal Age |
| 8:09 | Build | Barracks |
| 8:52 | Age | Feudal Age |
| 8:55 | Queue | Villager (Male) |
| 9:00 | Build | Stable |
| 9:13 | Queue | Villager (Male) |
| 9:30 | Queue | Villager (Male) |
| 9:35 | Build | Farm |
| 9:37 | Build | Farm |
| 9:45 | Research | Double-Bit Axe |
| 9:46 | Queue | Villager (Male) |
| 9:51 | Queue | Scout Cavalry |
| 9:52 | Queue | Scout Cavalry |
| 10:11 | Queue | Villager (Male) |
| 10:23 | Queue | Scout Cavalry |
| 10:29 | Queue | Villager (Male) |
| 10:39 | Research | Town Watch |
| 10:42 | Build | House |
| 10:48 | Build | Farm |
| 11:08 | Queue | Villager (Male) |
| 11:22 | Queue | Villager (Male) |
| 11:25 | Build | Farm |
| 11:26 | Build | Farm |
| 11:29 | Build | Farm |
| 11:35 | Queue | Villager (Male) |
| 11:54 | Queue | Villager (Male) |
| 12:04 | Queue | Villager (Male) |
| 12:23 | Queue | Villager (Male) |
| 12:25 | Build | Watch Tower |
| 12:28 | Queue | Villager (Male) |
| 12:30 | Build | Farm |
| 12:31 | Queue | Scout Cavalry |
| 13:05 | Queue | Villager (Male) |
| 13:11 | Queue | Villager (Male) |
| 13:22 | Build | House |
| 13:48 | Queue | Villager (Male) |
| 13:51 | Build | Mining Camp |
| 13:54 | Build | Farm |
| 13:55 | Build | Farm |
| 14:09 | Queue | Villager (Male) |
| 14:40 | Queue | Villager (Male) |
| 14:54 | Queue | Villager (Male) |
| 14:56 | Build | Farm |
| 14:58 | Build | Farm |
| 15:00 | Queue | Villager (Male) |
| 15:06 | Build | Mill |
| 15:12 | Build | Market |
| 15:14 | Build | Blacksmith |
| 15:25 | Queue | Villager (Male) |
| 15:28 | Build | Mining Camp |
| 15:36 | Build | Farm |
| 15:41 | Research | Horse Collar |
| 16:33 | Build | House |
| 16:36 | Build | House |
| 16:49 | Build | Watch Tower |
| 16:53 | Queue | Villager (Male) |
| 17:00 | Queue | Villager (Male) |
| 17:05 | Build | House |
| 17:06 | Build | Palisade Wall |
| 17:11 | Queue | Villager (Male) |
| 18:10 | Queue | Villager (Male) |
| 18:15 | Build | Palisade Wall |
| 18:24 | Research | Castle Age |
| 18:24 | Research | Castle Age |
| 18:45 | Build | Watch Tower |
| 18:56 | Queue | Villager (Male) |
| 19:00 | Build | Palisade Wall |
| 19:01 | Queue | Villager (Male) |
| 19:05 | Build | Palisade Wall |
| 19:07 | Build | Palisade Wall |
| 19:11 | Build | Palisade Wall |
| 19:18 | Build | House |
| 20:00 | Research | Scale Barding Armor |
| 20:21 | Research | Bloodlines |
| 21:15 | Age | Castle Age |
| 21:17 | Queue | Steppe Lancer |
| 21:17 | Queue | Steppe Lancer |
| 21:20 | Queue | Villager (Male) |
| 21:23 | Research | Bow Saw |
| 21:35 | Build | House |
| 21:36 | Build | House |
| 21:45 | Queue | Steppe Lancer |
| 21:45 | Queue | Steppe Lancer |
| 21:51 | Build | Palisade Wall |
| 21:52 | Build | Palisade Wall |
| 21:56 | Queue | Steppe Lancer |
| 22:07 | Build | Palisade Wall |
| 22:16 | Queue | Steppe Lancer |
| 22:27 | Queue | Villager (Male) |
| 22:41 | Build | House |
| 22:51 | Build | Stable |
| 22:56 | Build | Palisade Wall |
| 22:58 | Build | Palisade Wall |
| 23:06 | Queue | Steppe Lancer |
| 23:07 | Queue | Steppe Lancer |
| 23:26 | Queue | Villager (Male) |
| 23:33 | Queue | Steppe Lancer |
| 23:33 | Queue | Steppe Lancer |
| 23:43 | Build | Watch Tower |
| 23:58 | Queue | Steppe Lancer |
| 23:58 | Queue | Steppe Lancer |
| 24:04 | Queue | Steppe Lancer |
| 24:05 | Queue | Steppe Lancer |
| 24:20 | Build | Palisade Wall |
| 24:22 | Build | Palisade Wall |
| 24:24 | Build | Palisade Wall |
| 24:57 | Queue | Steppe Lancer |
| 24:57 | Queue | Steppe Lancer |
| 25:04 | Queue | Villager (Male) |
| 25:04 | Queue | Villager (Male) |
| 25:24 | Queue | Villager (Male) |
| 25:29 | Queue | Villager (Male) |
| 25:35 | Build | Mining Camp |
| 25:39 | Queue | Villager (Male) |
| 25:48 | Queue | Villager (Male) |
| 25:50 | Build | Farm |
| 25:55 | Build | Farm |
| 25:56 | Build | Farm |
Match timeline
| 7:20 | PhishStickPhilanthropist · wall_segment Palisade Wall x4 |
| 7:22 | PhishStickPhilanthropist · wall_segment Palisade Wall x7 |
| 8:09 | AxD | Keiokenkun-Uno-Puro · first_building Barracks |
| 8:52 | AxD | Keiokenkun-Uno-Puro · age_up feudal |
| 9:00 | AxD | Keiokenkun-Uno-Puro · first_building Stable |
| 9:07 | PhishStickPhilanthropist · wall_segment Palisade Wall x11 |
| 10:08 | PhishStickPhilanthropist · wall_segment Palisade Wall x8 |
| 10:31 | PhishStickPhilanthropist · wall_segment Palisade Wall x1 |
| 10:32 | PhishStickPhilanthropist · wall_segment Palisade Wall x1 |
| 10:33 | PhishStickPhilanthropist · wall_segment Palisade Wall x1 |
| 10:36 | PhishStickPhilanthropist · wall_segment Palisade Wall x1 |
| 10:36 | PhishStickPhilanthropist · wall_segment Palisade Wall x1 |
| 10:37 | PhishStickPhilanthropist · wall_segment Palisade Wall x1 |
| 11:21 | PhishStickPhilanthropist · age_up feudal |
| 12:48 | PhishStickPhilanthropist · wall_segment Palisade Wall x1 |
| 14:04 | PhishStickPhilanthropist · wall_segment Palisade Wall x1 |
| 14:59 | PhishStickPhilanthropist · first_market_sell 100 stone |
| 15:01 | PhishStickPhilanthropist · first_market_buy 100 food |
| 15:42 | PhishStickPhilanthropist · wall_segment Palisade Wall x1 |
| 16:35 | PhishStickPhilanthropist · wall_segment Palisade Wall x1 |
| 16:46 | AxD | Keiokenkun-Uno-Puro · first_market_buy 100 stone |
| 17:06 | AxD | Keiokenkun-Uno-Puro · wall_segment Palisade Wall x1 |
| 18:00 | PhishStickPhilanthropist · age_up castle |
| 18:05 | PhishStickPhilanthropist · first_building Castle |
| 18:15 | AxD | Keiokenkun-Uno-Puro · wall_segment Palisade Wall x4 |
| 18:19 | AxD | Keiokenkun-Uno-Puro · first_market_sell 100 wood |
| 19:00 | AxD | Keiokenkun-Uno-Puro · wall_segment Palisade Wall x7 |
| 19:05 | AxD | Keiokenkun-Uno-Puro · wall_segment Palisade Wall x10 |
| 19:07 | AxD | Keiokenkun-Uno-Puro · wall_segment Palisade Wall x1 |
| 19:11 | AxD | Keiokenkun-Uno-Puro · wall_segment Palisade Wall x12 |
| 21:15 | AxD | Keiokenkun-Uno-Puro · age_up castle |
| 21:51 | AxD | Keiokenkun-Uno-Puro · wall_segment Palisade Wall x1 |
| 21:52 | AxD | Keiokenkun-Uno-Puro · wall_segment Palisade Wall x1 |
| 22:07 | AxD | Keiokenkun-Uno-Puro · wall_segment Palisade Wall x1 |
| 22:56 | AxD | Keiokenkun-Uno-Puro · wall_segment Palisade Wall x1 |
| 22:58 | AxD | Keiokenkun-Uno-Puro · wall_segment Palisade Wall x1 |
| 23:24 | PhishStickPhilanthropist · first_building Siege Workshop |
| 24:20 | AxD | Keiokenkun-Uno-Puro · wall_segment Palisade Wall x1 |
| 24:22 | AxD | Keiokenkun-Uno-Puro · wall_segment Palisade Wall x1 |
| 24:24 | AxD | Keiokenkun-Uno-Puro · wall_segment Palisade Wall x1 |
| 24:53 | PhishStickPhilanthropist · first_building Monastery |
| 27:16 | PhishStickPhilanthropist · wall_segment Stone Wall x6 |
| 27:18 | PhishStickPhilanthropist · wall_segment Stone Wall x1 |
| 27:28 | PhishStickPhilanthropist · wall_segment Stone Wall x1 |
| 28:46 | AxD | Keiokenkun-Uno-Puro · first_building Archery Range |
| 31:05 | PhishStickPhilanthropist · first_building Barracks |
| 32:16 | PhishStickPhilanthropist · first_building Stable |
| 41:09 | AxD | Keiokenkun-Uno-Puro · first_building Castle |
| 45:38 | PhishStickPhilanthropist · age_up imperial |
| 45:46 | AxD | Keiokenkun-Uno-Puro · resign |
[ AI ANALYSIS · 1 CREDIT ]
What really happened in this match?
Wolo.gg analyzes every decision: build order, eco, micro, common mistakes by bracket. Personalized analysis on WhatsApp or Discord in 30 seconds.
Civ guide
Bengalis
Perfil
PhishStickPhilanthropist